 Dungeon Crawl Stone Soup version 0.29.0-4-gdea44cf6ec (webtiles) character file.

Game seed: 3777493512398466381

11 qw the Chopper (level 2, 0/17 HPs)
             Began as a Tengu Warper on Aug 28, 2022.
             Slain by a hobgoblin (2 damage)
             ... on level 2 of the Dungeon.
             The game lasted 00:00:02 (517 turns).

qw the Chopper (Tengu Warper)                        Turns: 517, Time: 00:00:03

Health: 0/17       AC:  3    Str: 11    XL:     2   Next: 29%
Magic:  6/6        EV: 10    Int: 13    God:
Gold:   61         SH:  7    Dex: 13    Spells: 5/5 levels left

rFire   + . .      SeeInvis .   Y - +0 hand axe
rCold   . . .      Faith    .   e - +0 kite shield
rNeg    . . .      Spirit   .   b - +0 leather armour
rPois   .          Reflect  .   (helmet restricted)
rElec   .          Harm     .   (no cloak)
rCorr   .          Rampage  .   (no gloves)
Will    .....                   (boots unavailable)
Stlth   +.........              (no amulet)
HPRegen 0.05/turn               f - ring of protection from fire
MPRegen 0.10/turn               (no ring)

@: no status effects
A: beak, talons 3
a: no special abilities


You were on level 2 of the Dungeon.
You visited 1 branch of the dungeon, and saw 2 of its levels.

You collected 61 gold pieces.


Innate Abilities, Weirdness & Mutations

You have a beak for a mouth.
You have claws for feet.


   Skills:
 - Level 2.0 Fighting
 - Level 2.7 Axes
 - Level 1.0 Throwing
 - Level 1.1 Armour
 - Level 2.1 Dodging
 + Level 1.2 Shields
 - Level 2.0 Spellcasting
 - Level 2.4 Translocations


You had 5 spell levels left.
You didn't know any spells.
Your spell library contained the following spells:

 Spells                   Type           Power      Damage    Failure   Level
 Blink                    Tloc           14%        N/A       54%         2
 Gell's Gravitas          Tloc           7%         N/A       78%         3
 Lesser Beckoning         Tloc           7%         N/A       78%         3
 Teleport Other           Tloc           7%         N/A       78%         3
 Manifold Assault         Tloc           7%         N/A       100%        5

Inventory:

Hand Weapons
 h - a +0 whip
 Y - a +0 hand axe (weapon)
Armour
 b - a +0 leather armour (worn)
 e - a +0 kite shield (worn)
Jewellery
 f - a ring of protection from fire (left hand)
Potions
 k - a potion of berserk rage {unknown}
 l - a potion of mutation {unknown}

Dungeon Overview and Level Annotations

Branches:
Dungeon (2/15)

Altars:

Annotations:
D:2 Robin


Message History

You hear a shout!
A goblin comes into view. It is wielding a +0 dagger.
Found 10 gold pieces.
Found a stone staircase leading up.
The goblin shouts!
You hear a shout!
You hear an angry hiss.
A goblin comes into view. It is wielding a +0 club.
A goblin comes into view. It is wielding a +0 dagger.
You see here a hobgoblin corpse. 2 goblins come into view.
A goblin is wielding the +4 mace of Slime {spect, rElec rC+ Dex-3}.
The goblin shouts! x3
You block the quokka's attack.
Robin hits you from afar with a +2 vampiric spear.
The quokka closely misses you.
You hit the quokka but do no damage. You claw the quokka.
The quokka is almost dead.
Robin closely misses you.
A goblin comes into view. It is wielding a +0 club.
The quokka closely misses you.
You closely miss the quokka. Your kick misses the quokka.
The quokka is severely wounded.
You hit the hobgoblin but do no damage. You block the quokka's attack.
You block the hobgoblin's attack. Robin throws the goblin at you!
The quokka barely misses you.
An endoplasm comes into view.
The goblin hits you with a +0 dagger. The hobgoblin hits you.
Robin barely misses you.
The endoplasm quivers.
You hit the quokka but do no damage.
The quokka is severely wounded.
You closely miss the goblin. You hit the hobgoblin. The quokka bites you.
The hobgoblin barely misses you. The goblin barely misses you.
You block Robin's attack. The quokka completely misses you.
You closely miss the quokka. Your kick misses the quokka.
The quokka is severely wounded.
You barely miss the hobgoblin. You hit the goblin but do no damage.
You hit the goblin. You block the goblin's attack.
Robin throws the goblin at you! You block the goblin's attack.
The quokka bites you. The hobgoblin hits you.
You die...

.. . #. .###.####
........## #
.........## #.#
.<.S..ggg.###.#.#
....ggr@%.......###
.......gg..##......
.....g8w8......####
..........#........
....8.8...8<#...[##
.$..J.._.........#
##....8.8........#
................#
#..8.8..#.......


You could see Robin, an adder, a dart slug, an endoplasm, a quokka, a hobgoblin
(strong) and 6 goblins.

Vanquished Creatures
  An endoplasm (D:1)
  2 hobgoblins
  2 ball pythons (D:1)
  A frilled lizard (D:2)
  4 goblins (D:2)
10 creatures vanquished.

Notes
Turn   | Place    | Note
-------+----------+-------------------------------------------
     0 | D:1      | qw the Tengu Warper began the quest for the Orb.
     0 | D:1      | Reached XP level 1. HP: 12/12 MP: 4/4
     0 | D:1      | 0 ||| qw: Version: 0.1-a-89-g26bdef1
     0 | D:1      | 0 ||| qw: Game counter: 3189
     0 | D:1      | 0 ||| qw: Always use a shield: true
     0 | D:1      | 0 ||| qw: God list: Okawaru
     0 | D:1      | 0 ||| qw: Allow faded altars: false
     0 | D:1      | 0 ||| qw: Do Orc after D:15 true
     0 | D:1      | 0 ||| qw: Do second Lair branch before Depths: true
     0 | D:1      | 0 ||| qw: Lair rune preference: random
     0 | D:1      | 0 ||| qw: Plans: Normal
     0 | D:1      | 0 ||| PLANNING D:1-11
   226 | D:1      | 226 ||| Stepping ~*~*~tactically~*~*~ (stealth).
   460 | D:1      | 460 ||| UPGRADING to +0 kite shield.
   465 | D:1      | 465 ||| UPGRADING to ring of protection from fire.
   466 | D:1      | 466 ||| READING scroll labelled NELOSKENOZE.
   467 | D:1      | 467 ||| READING scroll labelled HESURENELO.
   468 | D:1      | 468 ||| READING scroll labelled NIRUOPS ESOTSO.
   469 | D:1      | 469 ||| DROPPING scroll of blinking.
   473 | D:2      | Found a faded altar of an unknown god.
   509 | D:2      | Reached skill level 1 in Shields
   509 | D:2      | Reached XP level 2. HP: 17/17 MP: 6/6
   509 | D:2      | Noticed Robin
   513 | D:2      | Identified the +4 mace of Slime {spect, rElec rC+ Dex-3}
   517 | D:2      | HP: 3/17 [Robin/goblin (2)]
   517 | D:2      | Slain by a hobgoblin

Levels and vault maps discovered:
D:1:      dpeg_arrival_refuge, layout_rooms
D:2:      layout_rooms, ebering_ecumenical_altar_ruins, uniq_robin

Skill      XL: |  1 |
---------------+----+-----
Shields        | 1 |  1.2
Fighting       | |  2.0
Axes           | |  2.7
Throwing       | |  1.0
Armour         | |  1.1
Dodging        | |  2.1
Spellcasting   | |  2.0
Translocations | |  2.4

Action                   || total
-------------------------++-------
Melee: Hand axe          ||    15
       Kick              ||     2
       Peck              ||     1
Throw: Boomerang         ||     7
  Use: Scroll            ||     3
Armor: Leather armour    ||     4
Dodge: Dodged            ||     9
Block: Kite shield       ||     9

Table legend:
 A = Non-vault XP
 B = Vault XP
 C = Vault XP percentage of total XP
 D = Non-vault monster count
 E = Vault monster count
 F = Vault count percentage of total count
                 A         B        C        D         E       F
            +---------+---------+-------+---------+---------+-------
      Total |       8 |       9 |  52.9 |       5 |       5 |  50.0
            +---------+---------+-------+---------+---------+-------
        D:1 |       7 |       0 |   0.0 |       4 |       0 |   0.0
        D:2 |       1 |       9 |  90.0 |       1 |       5 |  83.3
            +---------+---------+-------+---------+---------+-------
